 Dungeon Crawl Stone Soup version 0.31.0-11-ge490571c62 (webtiles) character file.

Game seed: 2597954506283693672

536 SnakkuSnakku7 the Chopper (level 7, 0/50 HPs)
             Began as a Djinni Chaos Knight on Jan 28, 2024.
             Was a Plaything of Xom.
             Slain by an ogre
             ... wielding a +0 giant spiked club
              (25 damage)
             ... on level 5 of the Dungeon.
             The game lasted 00:04:39 (3644 turns).

SnakkuSnakku7 the Chopper (Djinni Chaos Knight)     Turns: 3644, Time: 00:04:40

Health: 0/50       AC: 13    Str: 13      XL:     7   Next: 50%
Gold:   258        EV:  3    Int: 13      God:    Xom [*.....] SH:  0 Dex: 12 (13)

rFire   + + .        a - +0 war axe
rCold   x . .        (no shield)
rNeg    . . .        t - +0 plate armour
rPois   ∞            (no helmet)
rElec   .            j - +0 cloak
rCorr   .            (no gloves)
SInv    .            (boots unavailable)
Will    .....        (no amulet) Stlth
                     (no ring)
HPRegen 1.08/turn    (no ring)
MPRegen 0.00/turn

%: infuse magic (-1 HP)
@: flying
A: sickness immunity, fire resistance 2, cold vulnerability 1, float, innate
caster, HP casting, extra vitality 1, iridescent scales 1, deterioration 1,
regeneration 1, teleportitis 1
a: Renounce Religion


You were on level 5 of the Dungeon.
You worshipped Xom.
You were a special plaything of Xom.
You visited 1 branch of the dungeon, and saw 5 of its levels.

You collected 258 gold pieces.

Inventory:

Hand Weapons
 a - a +0 war axe (weapon)
 c - a +0 mace of chaos
Armour
 b - a +2 leather armour
 j - a +0 cloak (worn)
 t - a +0 plate armour (worn)
Jewellery
 h - a ring of ice
Wands
 e - a wand of mindburst (3)
 p - a wand of iceblast (2)
Scrolls
 d - 2 scrolls of immolation {unknown}
 f - 2 scrolls of identify {unknown}
 i - a scroll of fog {unknown}
 k - a scroll of teleportation
 o - 3 scrolls of revelation {unknown}
 s - a scroll of acquirement {unknown}
 u - a scroll of vulnerability {unknown}
 v - a scroll of noise {unknown}
Potions
 g - 6 potions of curing {unknown}
 l - a potion of haste {unknown}
 m - a potion of invisibility {unknown}
 n - a potion of cancellation {unknown}
 q - a potion of heal wounds {unknown}
 r - a potion of magic {unknown}


   Skills:
 - Level 3.0 Fighting
 + Level 5.2(5.9) Axes
 - Level 3.9(5.2) Maces & Flails
 - Level 1.0 Armour
 - Level 2.1 Dodging


You knew the following spells:

 Your Spells              Type           Power      Damage    Failure   Level
a - Necrotise             Necr           0%         1d4       100%        1
b - Searing Ray           Conj           0%         2d4       100%        2
c - Vampiric Draining     Necr           0%         2d6       100%        3
Your spell library was empty.


Dungeon Overview and Level Annotations

Branches:
Dungeon (5/15)
 Temple: D:4-7

Altars:


Innate Abilities, Weirdness & Mutations

You are immune to sickness and miasma.
You are immune to poison.
Your flesh is very heat resistant. (rF++)
You are vulnerable to cold. (rC-)
You float through the air rather than walking.
You learn spells naturally, not from books.
Your magical power is your life essence.
You have superior vitality. (+4 MHP)
You are partially covered in iridescent scales. (AC +2)
Your body sometimes deteriorates upon taking damage.
Your natural rate of healing is unusually fast.
You are occasionally teleported next to monsters.


Message History

The orc hits you but does no damage.
You hit the orc.
You kill the orc!
Things that are here:
a +0 club; a scroll of amnesia; an orc corpse
u - a scroll labelled WOACUYNUWK You now have 258 gold pieces (gained 8). "You need some minor improvements, mortal!"
Your body is suffused with distortional energy.
You feel yourself wasting away.
You feel weaker.
There is a stone staircase leading up here.
v - a scroll labelled XOEPSO FECOLLO
Found a hand axe.
Found a short sword.
Found a stone staircase leading up.
Found a stone staircase leading down.
An ogre comes into view. It is wielding a +0 giant spiked club.
An ogre is nearby!
Aiming: Iceblast
Press: ? - help, Shift-Dir - straight line, f - ogre
Aim: an ogre, wielding a +0 giant spiked club The mass of ice explodes!
The iceblast engulfs the ogre!
The ogre is heavily wounded.
You hear a shout!
Unknown command.
You barely miss the ogre.
The ogre is heavily wounded.
The ogre hits you but does no damage.
You hit the ogre.
The ogre is severely wounded.
The ogre hits you with a +0 giant spiked club!
Your body deteriorates!
You feel clumsy.
You hit the ogre but do no damage.
The ogre is severely wounded.
The ogre hits you with a +0 giant spiked club!
You closely miss the ogre.
The ogre is severely wounded.
The ogre hits you with a +0 giant spiked club!!
Ouch! That really hurt!
You die...

###### ######.....
#.......... #.#.###.###
# ##..# #.....#
...>########.#.###.#.#.#
#...O@.......)........
########.#<..###.#.#.#
#.#...#...#.#..
#.#.#.#.###.###
##..#..........
.#####.###.#######
...........##
#.##########


You could see an ogre.

Vanquished Creatures
  An orc warrior (D:5)
  Blork the orc (D:5)
  A howler monkey (D:5)
  A hound (D:4)
  An orc priest (D:5)
  A sleepcap (D:4)
  An iguana (D:4)
  3 orc wizards (D:4)
  3 adders
  2 ribbon worms (D:3)
  2 dart slugs (D:1)
  17 orcs
  8 ball pythons
  7 bats
  9 endoplasms
  7 giant cockroaches
  7 goblins
  6 hobgoblins
  2 jackals (D:3)
  7 quokkas
  2 frilled lizards
  8 kobolds
  11 rats
108 creatures vanquished.

Vanquished Creatures (others)
  3 ballistomycete spores (D:5)
3 creatures vanquished.

Grand Total: 111 creatures vanquished

Notes
Turn   | Place    | Note
-------+----------+-------------------------------------------
     0 | D:1      | SnakkuSnakku7 the Djinni Chaos Knight began the quest for
                  | the Orb.
     0 | D:1      | Reached XP level 1. HP: 20/20 MP: 0/0
    52 | D:1      | Reached XP level 2. HP: 21/25 MP: 0/0
    91 | D:1      | You are sucked into a shaft and drop 1 floor!
   223 | D:1      | Reached XP level 3. HP: 30/30 MP: 0/0
   223 | D:1      | Learned a level 1 spell: Necrotise
   659 | D:2      | XOM: noise
   685 | D:2      | XOM: smoke on damage
   750 | D:2      | XOM: silly message
   830 | D:2      | Reached XP level 4. HP: 33/35 MP: 0/0
   887 | D:2      | XOM: silly message
   958 | D:2      | XOM: potion effect (brilliance)
  1133 | D:2      | XOM: polymorph ribbon worm -> iguana
  1524 | D:3      | XOM: enchant monster (bad)
  1531 | D:3      | Reached skill level 1 in Axes
  1927 | D:4      | Reached skill level 2 in Axes
  1927 | D:4      | Reached XP level 5. HP: 3/40 MP: 0/0
  1927 | D:4      | Learned a level 2 spell: Searing Ray
  2001 | D:3      | XOM: silly message
  2075 | D:4      | XOM: polymorph orc -> orc
  2406 | D:4      | Reached skill level 3 in Axes
  2406 | D:4      | Reached XP level 6. HP: 46/46 MP: 0/0
  2759 | D:4      | Found a faded altar of an unknown god.
  2759 | D:4      | Found the Hermit's Pendant {Faith Invo=14 Evo=0 MP+5}
  2808 | D:5      | Entered Level 5 of the Dungeon
  2867 | D:5      | Reached skill level 4 in Axes
  2895 | D:5      | XOM: give mutations
  2895 | D:5      | Gained mutation: You are occasionally teleported next to
                  | monsters. [Xom's mischief]
  2895 | D:5      | Gained mutation: Your muscles are strong. (Str +4, Int/Dex
                  | -1) [Xom's mischief]
  2921 | D:5      | XOM: polymorph sleepcap -> ballistomycete
  3038 | D:5      | Noticed an orc warrior
  3040 | D:5      | XOM: butterfly on damage
  3059 | D:5      | XOM: torment (10/46 hp)
  3196 | D:5      | Killed an orc warrior
  3197 | D:5      | Reached XP level 7. HP: 25/50 MP: 0/0
  3197 | D:5      | Learned a level 3 spell: Vampiric Draining
  3304 | D:5      | XOM: give mutations
  3304 | D:5      | Gained mutation: You are partially covered in iridescent
                  | scales. (AC +2) [Xom's mischief]
  3304 | D:5      | Gained mutation: You have hidden genetic defects. [Xom's
                  | mischief]
  3304 | D:5      | Lost mutation: You have hidden genetic defects. [Xom's
                  | mischief]
  3304 | D:5      | Gained mutation: Your natural rate of healing is unusually
                  | fast. [Xom's mischief]
  3376 | D:5      | Reached skill level 5 in Axes
  3385 | D:5      | Noticed Blork the orc
  3395 | D:5      | Killed Blork the orc
  3530 | D:5      | XOM: give mutations
  3530 | D:5      | Gained mutation: Your body sometimes deteriorates upon
                  | taking damage. [Xom's mischief]
  3530 | D:5      | Lost mutation: Your muscles are strong. (Str +4, Int/Dex
                  | -1) [Xom's mischief]
  3644 | D:5      | Slain by an ogre

Illustrated notes

Levels and vault maps discovered:
D:1:      amcnicky_arrival_wind_blow, layout_basic
D:2:      layout_basic, nicolae_elevator_lobby_plus
D:3:      layout_rooms, eino_tiny_chamber
D:4:      layout_rooms, hellmonk_guarded_unrand_hermit
D:5:      layout_loops_ring, minmay_misc_feat_roman, minmay_misc_feat_ornament,
          uniq_blork_the_orc

Skill      XL: |  1  2  3  4  5  6  7 |
---------------+----------------------+-----
Maces & Flails | 3 |  3.9
Axes           | 2 3 4 5 |  5.2
Fighting       | |  3.0
Armour         | |  1.0
Dodging        | |  2.1

Action                     |  1- 3 |  4- 6 |  7- 9 || total
---------------------------+-------+-------+-------++-------
  Melee: Mace              |   101 |    15 |       ||   116
         War axe           |       |   202 |    28 ||   230
         Punch             |       |     5 |       ||     5
  Evoke: Wand              |       |     6 |     1 ||     7
    Use: Scroll            |       |     3 |       ||     3
 Armour: Leather armour    |    69 |   144 |       ||   213
         Plate armour      |       |    50 |    28 ||    78
  Dodge: Dodged            |    77 |   134 |     8 ||   219
